 Dungeon Crawl Stone Soup version 0.28-a0-1199-gef9e1dbd39 (webtiles) character file.

Game seed: 14596085196713694000

137 HessuHobo the Cudgeller (level 5, -1/33 (79) HPs)
             Began as a Troll Berserker on Dec 19, 2021.
             Was a Believer of Trog.
             Slain by a centaur skeleton (5 damage)
             ... on level 3 of the Dungeon.
             The game lasted 00:03:23 (2148 turns).

HessuHobo the Cudgeller (Troll Berserker)           Turns: 2148, Time: 00:03:24

HP:   -1/33 (79)    AC:  2    Str: 27    XL:     5   Next: 0%
MP:   4/4           EV: 10    Int:  3    God:    Trog [**....]
Gold: 100           SH:  0    Dex:  9    Spells: 4/4 levels left

rFire   . . .      SeeInvis .   k - +1 whip (flame)
rCold   . . .      Faith    .   (no shield)
rNeg    . . .      Spirit   .   (armour restricted)
rPois   .          Reflect  .   (helmet restricted)
rElec   .          Harm     .   (no cloak)
rCorr   .          Rampage  .   (gloves unavailable)
Will    ++...                   (boots unavailable)
Stlth   ..........              (no amulet)
HPRegen 1.91/turn               (no ring)
MPRegen 0.09/turn               (no ring)

@: berserking, strong-willed, regenerating, extremely drained, very quick
A: large, unfitting armour, claws 3, regeneration 1, shaggy fur 1, tough skin 1
a: Renounce Religion, Berserk, Trog's Hand


You were on level 3 of the Dungeon.
You worshipped Trog.
Trog was pleased with you.
You visited 1 branch of the dungeon, and saw 3 of its levels.

You collected 100 gold pieces.

Inventory:

Hand Weapons
 a - a +0 mace
 d - a +0 vampiric dagger
 k - a +1 whip of flaming (weapon)
Missiles
 e - a throwing net (quivered)
 i - 9 poisoned darts
Armour
 b - a +0 animal skin
 l - a +2 robe of willpower
Scrolls
 g - 3 scrolls of identify {unknown}
 h - a scroll of blinking {unknown}
 j - 2 scrolls of immolation {unknown}
Potions
 c - a potion of lignification {unknown}
 f - a potion of curing {unknown}


   Skills:
 + Level 3.2 Fighting
 * Level 3.7 Maces & Flails
 + Level 0.8 Throwing
 + Level 0.6 Armour
 - Level 3.0 Dodging


You had 4 spell levels left.
You didn't know any spells.
Your spell library was empty.

Dungeon Overview and Level Annotations

Branches:
Dungeon (3/15)

Altars:

Shops:
D:1 *   D:2 !!


Innate Abilities, Weirdness & Mutations

You are too large for most types of armour.
You have claws for hands.
Your natural rate of healing is unusually fast.
You are covered in fur. (AC +1)
You have tough skin. (AC +1)


Message History

An orc comes into view. It is wielding a +0 club.
You barely miss the orc. The orc barely misses you.
You hit the orc. You burn the orc.
The orc is moderately wounded.
The orc hits you with a +0 whip.
An orc priest comes into view. It is wielding a +0 club.
You barely miss the orc.
The orc is moderately wounded.
The orc priest shouts!
You hear a shout!
The centaur skeleton closely misses you.
The centaur skeleton misses you.
An orc wizard comes into view. It is wielding a +0 dagger.
The orc barely misses you.
Your skin crawls.
You feel strong-willed.
The orc wizard shouts!
The centaur skeleton closely misses you.
The centaur skeleton kicks you. The orc hits you with a +0 whip.
The orc misses you.
A red film seems to cover your vision as you go berserk!
You feel yourself moving faster!
You feel mighty! The centaur skeleton hits you. The centaur skeleton kicks you.
An orc comes into view. It is wielding a +0 dagger.
The orc hits you but does no damage. The orc hits you with a +0 club.
* * * LOW HITPOINT WARNING * * *
The centaur skeleton hits you but does no damage.
The centaur skeleton kicks you but does no damage.
You barely miss the orc.
You are too injured to fight recklessly!
You thrash the orc!! You burn the orc.
You kill the orc!
Trog accepts your kill.
The centaur skeleton closely misses you.
The centaur skeleton kicks you but does no damage.
The orc hits you with a +0 club.
* * * LOW HITPOINT WARNING * * *
The orc priest miscasts a cantrip.
You have reached level 5!
You closely miss the orc. The centaur skeleton hits you.
You die...

.#.....##.......................
.#.....####+#####....######.....
(#.....# #.# ###### .....
.#.....# #)######## ....
.#.....####...)....# ....
.'.....'..#...)....###### ...
.#.....##.#...)..........
.+...#..#....####........
.###.#..#....##.@Z....... .#
#.#..#.....#.oo....... .#
#.#..#.....#.......... .#
#.#......#.#.......... .#
#.#....#.#.#oo.#######
#)#....#.#.#....
#+#....#.#.#...o #.....


You could see an orc priest, an orc wizard, 3 orcs and a centaur skeleton.

Vanquished Creatures
  2 orc wizards (D:3)
  2 adders (D:2)
  5 dart slugs
  3 orcs (D:3)
  5 ball pythons
  3 endoplasms
  2 giant cockroaches
  3 goblins
  3 hobgoblins
  7 jackals (D:1)
  3 quokkas
  6 bats
  A frilled lizard (D:2)
  3 kobolds
  4 rats
52 creatures vanquished.

Notes
Turn   | Place    | Note
-------+----------+-------------------------------------------
     0 | D:1      | HessuHobo the Troll Berserker began the quest for the Orb.
     0 | D:1      | Reached XP level 1. HP: 22/22 MP: 0/0
   125 | D:1      | Reached XP level 2. HP: 29/29 MP: 1/1
   240 | D:1      | Found Ebloul's Assorted Antiques.
   416 | D:1      | Reached XP level 3. HP: 36/36 MP: 2/2
   450 | D:1      | Reached ** piety under Trog
  1447 | D:2      | Reached XP level 4. HP: 45/45 MP: 3/3
  1646 | D:2      | Found Nohets's Distillery.
  1932 | D:2      | Found Zicep's Distillery.
  2148 | D:3      | Reached XP level 5. HP: 3/22 MP: 4/4
  2148 | D:3      | Slain by a centaur skeleton

Illustrated notes

Levels and vault maps discovered:
D:1:      co_arrival_square_in_a_square_in_a_square, layout_rooms, serial_shops,
          nicolae_shop_advertising_works [nicolae_subvault_shop_adworks]
D:2:      layout_loops_ring, serial_shops, nicolae_shop_waterfront,
          nicolae_diamond_shop
D:3:      layout_basic, nicolae_ecumenical_snake_handling

Skill      XL: |  1  2  3 |
---------------+----------+-----
Maces & Flails | 3 |  3.7
Fighting       | 3 |  3.2
Dodging        | 3 |  3.0
Throwing       | |  0.8
Armour         | |  0.6

Action                   |  1- 3 |  4- 6 || total
-------------------------+-------+-------++-------
Melee: Mace              |   116 |    28 ||   144
       Whip              |       |    48 ||    48
Invok: Berserk           |       |     1 ||     1
       Trog's Hand       |       |     1 ||     1
Armor: Animal skin       |    56 |    37 ||    93
       Skin              |       |     4 ||     4
Dodge: Dodged            |    89 |    45 ||   134

Table legend: (Time is in decaauts)
 A = Elapsed time spent in this place.
 B = Non-inter-level travel time spent in this place.
 C = Inter-level travel time spent in this place.
 D = Time resting spent in this place.
 E = Time spent auto-exploring this place.
 F = Levels seen in this place.
 G = Mean time per level.
                   A        B        C        D        E       F      G
               +--------+--------+--------+--------+--------+-----+--------+
         Total |   2179 |   2150 |     29 |    819 |    908 |   3 |  726.3 |
       Dungeon |   2179 |   2150 |     29 |    819 |    908 |   3 |  726.3 |
               +--------+--------+--------+--------+--------+-----+--------+

Top non-repeatable levels by time:
     D:2: 1071 daAuts
     D:1: 935 daAuts
     D:3: 172 daAuts
